 Dungeon Crawl Stone Soup version 0.27-a0-1118-ga84896973d (webtiles) character file.

Game seed: 15672738581471820942

127 DogServant the Chiller (level 5, -5/45 HPs)
             Began as a Naga Ice Elementalist on May 2, 2021.
             Slain by a gnoll
             ... wielding a +0 flail
              (12 damage)
             ... on level 4 of the Dungeon.
             The game lasted 00:05:55 (1949 turns).

DogServant the Chiller (Naga Ice Elementalist)      Turns: 1949, Time: 00:05:55

Health: -5/45      AC:  3    Str:  9 (12) XL:     5   Next: 11%
Magic:  2/8        EV:  9    Int: 12 (15) God:
Gold:   38         SH:  0    Dex: 10 (11) Spells: 1/8 levels left

rFire    . . .     SeeInvis +   e - +2 dagger (venom)
rCold    . . .     Faith    .   (no shield)
rNeg     . . .     Spirit   .   l - +0 leather armour
rPois    +         Reflect  .   (no helmet)
rElec    .         Harm     .   (no cloak)
rCorr    .         Rampage  .   (no gloves)
Will     .....                  (no barding)
Stlth    ++........             (no amulet)
HPRegen  0.15/turn              (no ring)
MPRegen  0.11/turn              (no ring)

@: very slightly contaminated, invisible, very slow
A: AC +1, large, see invisible, deformed body, poison resistance, slowness 2,
spit poison 1, naga tail 1
a: Spit Poison


You were on level 4 of the Dungeon.
You visited 1 branch of the dungeon, and saw 3 of its levels.

You collected 38 gold pieces.

Inventory:

Hand Weapons
 c - a +0 club
 e - a +2 dagger of venom (weapon)
Armour
 a - a +0 robe
 d - a +0 ring mail
 h - a +2 chain mail of cold resistance
 l - a +0 leather armour (worn)
Scrolls
 b - a scroll of immolation {unknown}
 f - a scroll of blinking {unknown}
 i - a scroll of vulnerability {unknown}
 j - a scroll of enchant armour {unknown}
 m - a scroll of amnesia {unknown}


   Skills:
 - Level 2.0 Fighting
 - Level 0.2 Maces & Flails
 + Level 2.5 Armour
 - Level 1.7 Dodging
 - Level 3.0 Stealth
 - Level 2.0 Spellcasting
 - Level 4.4 Ice Magic


You had one spell level left.
You knew the following spells:

 Your Spells              Type           Power      Damage    Failure   Level
a - Freeze                Ice            48%        1d7       6%          1
b - Frozen Ramparts       Ice            24%        1d4       17%         3
c - Ozocubu's Armour      Ice            12%        N/A       17%         3

Your spell library contained the following spells:

 Spells                   Type           Power      Damage    Failure   Level
 Animate Skeleton         Necr           2%         N/A       36%         1
 Beastly Appendage        Tmut           2%         N/A       36%         1
 Pain                     Necr           4%         1d4       36%         1
 Wereblood                Tmut           1%         N/A       50%         2
 Spider Form              Tmut/Pois      0%         N/A       73%         3
 Vampiric Draining        Necr           0%         2d6       73%         3
 Hailstorm                Conj/Ice       6%         3d4       82%         4
 Ice Form                 Ice/Tmut       6%         N/A       82%         4
 Animate Dead             Necr           0%         N/A       98%         4
 Metabolic Englaciation   Hex/Ice        3%         N/A       99%         5
 Agony                    Necr           1%         N/A       100%        5
 Hydra Form               Tmut           0%         N/A       100%        5


Dungeon Overview and Level Annotations

Branches:
Dungeon (2/15)

Altars:


Innate Abilities, Weirdness & Mutations

Your serpentine skin is tough. (AC +1)
You have supernaturally acute eyesight. (SInv)
Armour fits poorly on your strangely shaped body.
Your system is resistant to poisons. (rPois)
You cover ground very slowly.
You can spit poison.
You have a snake-like lower body.


Message History

Aim: a vampire bat (heavily damaged)
The splash of poison hits the vampire bat.
The vampire bat completely resists.
The vampire bat is heavily damaged.
The wall freezes the vampire bat.
The vampire bat bites you but does no damage.
The wall freezes the vampire bat.
The vampire bat barely misses you.
The wall freezes the vampire bat.
The vampire bat bites you but does no damage.
Okay, then.
It was a potion of invisibility.
You fade into invisibility!
The wall freezes the vampire bat.
The vampire bat barely misses you.
The wall freezes the vampire bat.
You destroy the vampire bat!
The wall freezes the gnoll.
You are very lightly contaminated with residual magic.
Your Armour skill increases to level 2!
You have reached level 5!
Okay, then.
It was a potion of degeneration.
There was something very wrong with that liquid.
You feel weakened.
You feel dopey.
You feel clumsy.
The wall freezes the gnoll.
Casting: Frozen Ramparts (dangerous; 17% risk of failure)
Confirm with . or Enter, or press ? or * to list all spells.
Okay, then.
Okay, then.
You have got your breath back.
Okay, then.
The frozen ramparts melt away.
Press: ? - help, Shift-Dir - straight line, f - gnoll
Aim: a gnoll, wielding a +0 halberd (moderately wounded)
The splash of poison misses the gnoll.
You have got your breath back.
The gnoll completely misses you.
A centaur skeleton comes into view.
The gnoll misses you. The gnoll hits you with a +0 flail!
You die...

#..# #.# #..### #.# #..#..
#.# #..#.# #.# #
#..#.######.## #.
#######..#.........#
..Z......g......>.#..#
#.######g.g@........#
#.#........##.#######.#######
#........###.... #........#
...#.####.###....# #........#
# # #.(##....# #...)....# ##.
##g##....# #........#
##...##.##...[# ##.#######
#.....††##....# #......#
#....g### ######.#


You could see 3 gnolls.

Vanquished Creatures
  A vampire bat (D:4)
  An iguana (D:4)
  An adder (D:4)
  An adder skeleton (D:4)
  A dart slug (D:1)
  An orc (D:4)
  12 bats
  3 endoplasms (D:1)
  2 giant cockroaches (D:1)
  5 goblins (D:1)
  5 hobgoblins
  2 kobolds (D:1)
  3 quokkas (D:1)
  A frilled lizard (D:1)
  6 rats (D:1)
45 creatures vanquished.

Notes
Turn   | Place    | Note
-------+----------+-------------------------------------------
     0 | D:1      | DogServant the Naga Ice Elementalist began the quest for
                  | the Orb.
     0 | D:1      | Reached XP level 1. HP: 15/15 MP: 3/3
   278 | D:1      | Reached XP level 2. HP: 16/24 MP: 3/5
   402 | D:1      | Reached skill level 1 in Fighting
   646 | D:1      | Reached XP level 3. HP: 4/31 MP: 0/6
  1235 | D:1      | Learned a level 3 spell: Frozen Ramparts
  1532 | D:1      | Found a faded altar of an unknown god.
  1688 | D:2      | You fall into a shaft and drop 2 floors!
  1758 | D:4      | Reached skill level 1 in Armour
  1758 | D:4      | Reached XP level 4. HP: 39/39 MP: 3/7
  1762 | D:4      | Learned a level 3 spell: Ozocubu's Armour
  1937 | D:4      | Reached XP level 5. HP: 5/45 MP: 0/8
  1949 | D:4      | Slain by a gnoll

Illustrated notes

Levels and vault maps discovered:
D:1:      dpeg_arrival_subterranean_lakeside_camping, layout_basic,
          shapermc_ecumenical_altar_mp_urbaneastern
D:2:      layout_loops_cross
D:4:      layout_basic, roderic_batcave

Skill      XL: |  1  2  3  4 |
---------------+-------------+-----
Fighting       | 1 2 |  2.0
Armour         | 1 2 |  2.5
Maces & Flails | |  0.2
Dodging        | |  1.7
Stealth        | |  3.0
Spellcasting   | |  2.0
Ice Magic      | |  4.4

Action                   |  1- 3 |  4- 6 || total
-------------------------+-------+-------++-------
Melee: Club              |     4 |       ||     4
       Unarmed           |     3 |       ||     3
       Dagger            |    20 |    24 ||    44
 Cast: Freeze            |    26 |     1 ||    27
       Frozen Ramparts   |     1 |     1 ||     2
 Abil: Spit Poison       |    11 |     4 ||    15
  Use: Potion            |       |     2 ||     2
 Stab: Sleeping          |     1 |     1 ||     2
Armor: Robe              |     7 |       ||     7
       Leather armour    |     1 |    31 ||    32
Dodge: Dodged            |    18 |    36 ||    54

Table legend: (Time is in decaauts)
 A = Elapsed time spent in this place.
 B = Non-inter-level travel time spent in this place.
 C = Inter-level travel time spent in this place.
 D = Time resting spent in this place.
 E = Time spent auto-exploring this place.
 F = Levels seen in this place.
 G = Mean time per level.
                   A        B        C        D        E       F      G
               +--------+--------+--------+--------+--------+-----+--------+
         Total |   2329 |   2298 |     31 |    262 |   1706 |   3 |  776.3 |
       Dungeon |   2329 |   2298 |     31 |    262 |   1706 |   3 |  776.3 |
               +--------+--------+--------+--------+--------+-----+--------+

Top non-repeatable levels by time:
     D:1: 2007 daAuts
     D:4: 317 daAuts
     D:2: 4 daAuts
